 Dungeon Crawl Stone Soup version 0.29.1-2-gbd0b4ee654 (webtiles) character file.

Game seed: 5547334617438765492

4 Goreval the Sneak (level 1, -2/15 HPs)
             Began as a Naga Enchanter on Nov 17, 2022.
             Slain by a rat (3 damage)
             ... on level 1 of the Dungeon.
             The game lasted 00:00:54 (172 turns).

Goreval the Sneak (Naga Enchanter)                   Turns: 172, Time: 00:00:55

Health: -2/15      AC:  1    Str: 10    XL:     1   Next: 70%
Magic:  3/3        EV:  9    Int: 15    God:
Gold:   24         SH:  0    Dex: 11    Spells: 4/4 levels left

rFire   + . .      SeeInvis +   a - +1 dagger
rCold   . . .      Faith    .   (no shield)
rNeg    . . .      Spirit   .   b - +0 robe
rPois   +          Reflect  .   (no helmet)
rElec   .          Harm     .   (no cloak)
rCorr   .          Rampage  .   (no gloves)
Will    .....                   (no barding)
Stlth   ++........              (no amulet)
HPRegen 0.05/turn               f - ring of protection from fire
MPRegen 0.08/turn               (no ring)

@: short of breath, very slow
A: AC +0, large, see invisible, deformed body, poison resistance, slowness 2,
spit poison 1, naga tail 1
a: Spit Poison


You were on level 1 of the Dungeon.
You visited 1 branch of the dungeon, and saw 1 of its levels.

You collected 24 gold pieces.

Inventory:

Hand Weapons
 a - a +1 dagger (weapon)
Armour
 b - a +0 robe (worn)
Jewellery
 f - a ring of protection from fire (left hand)
Scrolls
 e - 2 scrolls of butterflies {unknown}
 g - a scroll of fear {unknown}
Potions
 c - 2 potions of invisibility
 d - a potion of might {unknown}


   Skills:
 * Level 1.2 Short Blades
 - Level 1.5 Dodging
 + Level 4.5 Stealth
 + Level 2.0 Spellcasting
 * Level 3.1 Hexes


You had 4 spell levels left.
You didn't know any spells.
Your spell library contained the following spells:

 Spells                   Type           Power      Damage    Failure   Level
 Ensorcelled Hibernation  Hex/Ice        12%        N/A       19%         2
 Confusing Touch          Hex            10%        N/A       19%         3
 Tukima's Dance           Hex            10%        N/A       19%         3
 Dazzling Flash           Conj/Hex       12%        N/A       34%         3


Dungeon Overview and Level Annotations

Branches:
Dungeon (1/15)

Altars:


Innate Abilities, Weirdness & Mutations

Your serpentine skin is tough. (AC +0)
You have supernaturally acute eyesight. (SInv)
Armour fits poorly on your strangely shaped body.
Your system is resistant to poisons. (rPois)
You cover ground very slowly.
You can spit poison.
You have a snake-like lower body.


Message History

You hit the giant cockroach. The hobgoblin closely misses you.
The giant cockroach closely misses you.
Aim: a frilled lizard (31% to hit)
The splash of poison hits the hobgoblin!
The hobgoblin is poisoned.
You kill the hobgoblin!
The giant cockroach closely misses you.
You hit the giant cockroach but do no damage.
The giant cockroach misses you. The frilled lizard bites you.
You completely miss the giant cockroach.
The giant cockroach closely misses you.
The frilled lizard bites you but does no damage.
The giant cockroach barely misses you.
You barely miss the giant cockroach. The frilled lizard misses you.
The giant cockroach barely misses you.
You hit the giant cockroach. The frilled lizard bites you.
The giant cockroach bites you.
You hit the giant cockroach.
You kill the giant cockroach!
The rat bites you but does no damage.
The frilled lizard bites you but does no damage.
There are monsters nearby!
Unknown command.
Here: a frilled lizard The floor.
You closely miss the frilled lizard. The frilled lizard bites you.
* * * LOW HITPOINT WARNING * * *
The rat bites you.
* * * LOW HITPOINT WARNING * * *
Unknown command.
You completely miss the frilled lizard.
You have got your breath back.
The frilled lizard closely misses you. The rat closely misses you.
You hit the frilled lizard.
You kill the frilled lizard!
Aim: a rat (53% to hit)
The splash of poison hits the rat but does no damage.
The rat is poisoned.
The rat bites you.
You die...

..### ..#.
..# #.. .#..
#.####..#
#####........
#...†.....#
#..@.....#
#...r....#
######.#.....
#######.# ###
#....##.#
#....##.#
#....##)#
#....##.####
#..........#


You could see a rat (poisoned).

Vanquished Creatures
  A giant cockroach (D:1)
  A hobgoblin (D:1)
  A kobold (D:1)
  A frilled lizard (D:1)
4 creatures vanquished.

Notes
Turn   | Place    | Note
-------+----------+-------------------------------------------
     0 | D:1      | Goreval the Naga Enchanter began the quest for the Orb.
     0 | D:1      | Reached XP level 1. HP: 15/15 MP: 3/3
   172 | D:1      | Slain by a rat

Illustrated notes

Levels and vault maps discovered:
D:1:      dpeg_arrival_circle_labyrinth_b, layout_basic,
          dreamdust_ecumenical_altar_angels_and_demons, minmay_misc_feat_tiny,
          minmay_split_cup_large

Action                   || total
-------------------------++-------
Melee: Dagger            ||    14
 Abil: Spit Poison       ||     2
 Stab: Sleeping          ||     1
Armor: Robe              ||     4
Dodge: Dodged            ||    15
